[Event "ICC tourney 2552 (3 2)"]
[Site "Internet Chess Club"]
[Date "2021.05.07"]
[Round "5"]
[White "ZHONG, EVAN:K01-30064302"]
[Black "S MORGAN, LAKSHMI:K05-16867525"]
[Result "0-1"]
[ICCResult "White resigns"]
[WhiteElo "1400"]
[BlackElo "1400"]
[Opening "KGD: classical variation"]
[ECO "C30"]
[NIC "KG.05"]
[Time "19:46:04"]
[PlyCount "20"]
[TimeControl "180+2"]

1. e4 e5 2. f4 Bc5 3. Nf3 Nc6 4. Bc4 d6 5. d3 Bg4 6. h3 Bxf3 7. Qxf3 Nd4 8.
Qd1 Qh4+ 9. Kf1 Nf5 10. Qe2 Ng3+ { White resigns } 0-1

[Event "ICC tourney 2552 (3 2)"]
[Site "Internet Chess Club"]
[Date "2021.05.07"]
[Round "5"]
[White "DOPPALAPUDI, ADITH:K05-16534365"]
[Black "LINGISHETTY, ISHAAN:K05-16449486"]
[Result "1-0"]
[ICCResult "Black resigns"]
[WhiteElo "1457"]
[BlackElo "1400"]
[Opening "Queen's gambit accepted"]
[ECO "D20"]
[NIC "QG.03"]
[Time "19:46:00"]
[PlyCount "37"]
[TimeControl "180+2"]

1. d4 d5 2. c4 dxc4 3. e3 Be6 4. Nc3 Nc6 5. d5 Bxd5 6. Qxd5 Qxd5 7. Nxd5 e6
8. Nxc7+ Kd8 9. Nxa8 Kc8 10. Bxc4 Kb8 11. Nf3 Kxa8 12. Nd4 Bb4+ 13. Bd2
Nxd4 14. exd4 Bd6 15. O-O Nf6 16. Bc3 Rc8 17. Bb3 Ne4 18. Rac1 f5 19. f3 {
Black resigns } 1-0

[Event "ICC tourney 2552 (3 2)"]
[Site "Internet Chess Club"]
[Date "2021.05.07"]
[Round "5"]
[White "WOO, ALEXANDER:K05-17096034"]
[Black "LIANG, JOEY:K03-17280755"]
[Result "0-1"]
[ICCResult "White checkmated"]
[WhiteElo "1400"]
[BlackElo "1400"]
[Opening "Giuoco Piano: four knights variation"]
[ECO "C46"]
[NIC "KP.06"]
[Time "19:45:46"]
[PlyCount "34"]
[TimeControl "180+2"]

1. e4 e5 2. Nf3 Nc6 3. Nc3 Bc5 4. Bc4 Nf6 5. O-O d6 6. d3 Bg4 7. h3 Bh5 8.
Qe2 Nd4 9. Qd1 Nxf3+ 10. gxf3 Qd7 11. Bg5 Qxh3 12. Re1 Bxf3 13. Qxf3 Qxf3
14. Rf1 Ng4 15. Nd5 Bxf2+ 16. Rxf2 Qxf2+ 17. Kh1 Qh2# { White checkmated }
0-1

[Event "ICC tourney 2552 (3 2)"]
[Site "Internet Chess Club"]
[Date "2021.05.07"]
[Round "5"]
[White "MATHEUSSEN, JACK:K03-17193974"]
[Black "PATANKAR, VIJAY:K06-16438548"]
[Result "0-1"]
[ICCResult "White resigns"]
[WhiteElo "1400"]
[BlackElo "1400"]
[Opening "Queen's pawn: London system"]
[ECO "A45"]
[NIC "QP.07"]
[Time "19:45:25"]
[PlyCount "36"]
[TimeControl "180+2"]

1. d4 Nf6 2. Bf4 g6 3. e3 Bg7 4. Bd3 O-O 5. Nf3 d6 6. Nc3 c5 7. dxc5 dxc5
8. O-O Bg4 9. h3 Bxf3 10. Qxf3 Nc6 11. Bb5 Rc8 12. Rad1 Qb6 13. b3 a6 14.
Bxc6 Qxc6 15. Qg3 Nh5 16. Qh2 Nxf4 17. Qxf4 Bxc3 18. Rd2 Bxd2 { White
resigns } 0-1

[Event "ICC tourney 2552 (3 2)"]
[Site "Internet Chess Club"]
[Date "2021.05.07"]
[Round "5"]
[White "CHAVEZ, HANFEI:K03-30165124"]
[Black "PATEL, DARSH:K05-16084348"]
[Result "0-1"]
[ICCResult "White checkmated"]
[WhiteElo "1400"]
[BlackElo "1400"]
[Opening "Van't Kruijs opening"]
[ECO "A00"]
[Time "19:45:25"]
[PlyCount "34"]
[TimeControl "180+2"]

1. e3 e5 2. d3 d5 3. Nf3 Nc6 4. Nc3 Nf6 5. Be2 e4 6. Bd2 exf3 7. Bxf3 Bg4
8. Bxg4 Nxg4 9. f3 Nge5 10. Nxd5 Qxd5 11. e4 Qd4 12. Be3 Qxe3+ 13. Qe2 Qc5
14. Qf1 Qb4+ 15. Ke2 Nd4+ 16. Ke3 O-O-O 17. f4 Ng4# { White checkmated }
0-1

[Event "ICC tourney 2552 (3 2)"]
[Site "Internet Chess Club"]
[Date "2021.05.07"]
[Round "5"]
[White "SCHMELZER, ZACHARY:K05-16849843"]
[Black "DENG, CALEB:K01-30029985"]
[Result "0-1"]
[ICCResult "White resigns"]
[WhiteElo "1400"]
[BlackElo "1400"]
[Opening "Giuoco Pianissimo: Italian four knights variation"]
[ECO "C50"]
[NIC "IG.02"]
[Time "19:46:53"]
[PlyCount "26"]
[TimeControl "180+2"]

1. e4 e5 2. Nf3 Nc6 3. Bc4 Bc5 4. Nc3 Nf6 5. d3 O-O 6. Bg5 d6 7. Nd5 Be6 8.
Bxf6 gxf6 9. Nxf6+ Qxf6 10. Bxe6 fxe6 11. O-O Kh8 12. Qd2 Rg8 13. g3 Qxf3 {
White resigns } 0-1

[Event "ICC tourney 2552 (3 2)"]
[Site "Internet Chess Club"]
[Date "2021.05.07"]
[Round "5"]
[White "GANDHI, MANASVI:K03-30110152"]
[Black "S JANIS, MAXTON:K05-30158505"]
[Result "0-1"]
[ICCResult "White checkmated"]
[WhiteElo "1400"]
[BlackElo "1147"]
[Opening "Petrov's defense"]
[ECO "C42"]
[NIC "RG.03"]
[Time "19:45:48"]
[PlyCount "40"]
[TimeControl "180+2"]

1. e4 e5 2. Nf3 Nf6 3. Nxe5 Bc5 4. Nc3 d6 5. Nd3 Nc6 6. Be2 Bd4 7. Nd5 Nxe4
8. O-O Nf6 9. Nxf6+ Bxf6 10. Nf4 Be5 11. d3 Qh4 12. Be3 g5 13. Qd2 gxf4 14.
d4 fxe3 15. g3 exd2 16. gxh4 b6 17. dxe5 Nxe5 18. Rad1 Bb7 19. Rxd2 Rg8+
20. Bg4 Rxg4# { White checkmated } 0-1

[Event "ICC tourney 2552 (3 2)"]
[Site "Internet Chess Club"]
[Date "2021.05.07"]
[Round "5"]
[White "KAUL, KABIR:K05-30154365"]
[Black "KRISHNAN, SHREYANK:K05-16258876"]
[Result "0-1"]
[ICCResult "White checkmated"]
[WhiteElo "1209"]
[BlackElo "1400"]
[Opening "Ruy Lopez: exchange variation"]
[ECO "C68"]
[NIC "RL.08"]
[Time "19:45:43"]
[PlyCount "94"]
[TimeControl "180+2"]

1. e4 e5 2. Nf3 Nc6 3. Bb5 a6 4. Bxc6 dxc6 5. Nxe5 Qd4 6. Nf3 Qxe4+ 7. Qe2
Qxe2+ 8. Kxe2 Bg4 9. h3 Bxf3+ 10. Kxf3 Nf6 11. Re1+ Be7 12. d4 Nd5 13. c4
Nf6 14. Bg5 h6 15. Bxf6 gxf6 16. d5 cxd5 17. cxd5 Rd8 18. Nc3 Kf8 19. Rad1
Bb4 20. a3 Bxc3 21. bxc3 Kg7 22. c4 Rhe8 23. Rxe8 Rxe8 24. d6 cxd6 25. Rxd6
Rc8 26. Rd4 b5 27. Rg4+ Kh7 28. cxb5 axb5 29. Rf4 Rc3+ 30. Ke4 Rc4+ 31. Kd3
Rxf4 32. Kc3 Rxf2 33. Kb4 Rb2+ 34. Ka5 Rb3 35. a4 bxa4 36. Kxa4 Rb2 37. g3
Rg2 38. g4 Rh2 39. Kb4 Rxh3 40. Kc4 h5 41. gxh5 f5 42. Kd4 f4 43. Ke4 f3
44. Kf4 f2 45. Kg4 f1=Q 46. Kg5 f6+ 47. Kg4 Qf3# { White checkmated } 0-1

[Event "ICC tourney 2552 (3 2)"]
[Site "Internet Chess Club"]
[Date "2021.05.07"]
[Round "5"]
[White "MAMCHIK, DANNY:K06-16671746"]
[Black "STINGLEY, MAX:K05-16512763"]
[Result "0-1"]
[ICCResult "White checkmated"]
[WhiteElo "1400"]
[BlackElo "1400"]
[Opening "Robatsch (modern) defense"]
[ECO "B06"]
[NIC "KF.05"]
[Time "19:45:52"]
[PlyCount "120"]
[TimeControl "180+2"]

1. e4 g6 2. d4 Bg7 3. Nf3 c5 4. c3 cxd4 5. cxd4 d5 6. e5 Nc6 7. Nc3 Bg4 8.
Be3 e6 9. h3 Bxf3 10. Qxf3 Nge7 11. Be2 O-O 12. O-O Nf5 13. Bd3 Nfxd4 14.
Bxd4 Nxd4 15. Qe3 Nc6 16. f4 d4 17. Qe2 dxc3 18. bxc3 Qb6+ 19. Kh1 Rad8 20.
Rab1 Qc7 21. Rfd1 Rd7 22. Bb5 Rxd1+ 23. Rxd1 Rd8 24. Bxc6 bxc6 25. Qe1 Bf8
26. Rd2 Be7 27. Qd1 Rxd2 28. Qxd2 Qd8 29. Qxd8+ Bxd8 30. Kg1 Bb6+ 31. Kf1
Kf8 32. c4 Ke7 33. Ke2 Bd4 34. Kd3 c5 35. a4 Kd7 36. Ke2 Kc7 37. Kd3 Kb6
38. Kc2 Ka5 39. Kb3 Be3 40. f5 gxf5 41. g4 fxg4 42. hxg4 Bf4 43. Ka3 Bxe5
44. Kb3 Bf4 45. Ka3 f5 46. gxf5 exf5 47. Kb3 Bc1 48. Kc3 Kxa4 49. Kd3 Kb4
50. Kc2 a5 51. Kxc1 a4 52. Kb2 f4 53. Kc2 a3 54. Kb1 f3 55. Kc1 a2 56. Kb2
f2 57. Kxa2 f1=Q 58. Kb2 Qe2+ 59. Ka1 Kb3 60. Kb1 Qe1# { White checkmated }
0-1

[Event "ICC tourney 2552 (3 2)"]
[Site "Internet Chess Club"]
[Date "2021.05.07"]
[Round "5"]
[White "OSCAR LI, JINGTU:K05-16113408"]
[Black "SAMUEL RYAN, ASHER:K03-17262978"]
[Result "1-0"]
[ICCResult "Black resigns"]
[WhiteElo "1400"]
[BlackElo "782"]
[Opening "QGD Slav: 3.Nf3"]
[ECO "D11"]
[NIC "SL.01"]
[Time "19:46:13"]
[PlyCount "43"]
[TimeControl "180+2"]

1. d4 d5 2. c4 c6 3. Nf3 e6 4. e3 Nf6 5. Bd3 Bd7 6. O-O Bd6 7. Nc3 Be7 8.
b3 Qc7 9. Bb2 O-O 10. h3 Na6 11. Rc1 Bb4 12. cxd5 Bxc3 13. Bxc3 c5 14. dxe6
Bxe6 15. dxc5 Nxc5 16. Bxf6 gxf6 17. b4 Nxd3 18. Rxc7 Ne5 19. Nxe5 fxe5 20.
Rxb7 Rab8 21. Rxb8 Rxb8 22. Qd6 { Black resigns } 1-0

[Event "ICC tourney 2552 (3 2)"]
[Site "Internet Chess Club"]
[Date "2021.05.07"]
[Round "5"]
[White "PULIJALA, AKSHAJ:K05-16497860"]
[Black "YU, YANG:K01-30094337"]
[Result "1-0"]
[ICCResult "Black checkmated"]
[WhiteElo "1400"]
[BlackElo "1400"]
[Opening "Queen's pawn: Chigorin variation"]
[ECO "D00"]
[NIC "QP.08"]
[Time "19:45:39"]
[PlyCount "49"]
[TimeControl "180+2"]

1. d4 d5 2. Nc3 Nc6 3. Bf4 Nf6 4. Nb5 e5 5. Bxe5 Nxe5 6. dxe5 Ne4 7. Qxd5
Qxd5 8. Nxc7+ Kd8 9. Nxd5 Bb4+ 10. Nxb4 Ke7 11. f3 Nc5 12. O-O-O Be6 13.
Nd5+ Kf8 14. Nc7 Rc8 15. Nxe6+ Nxe6 16. c3 b5 17. Kb1 Ke7 18. e4 Rhe8 19.
Bxb5 Rf8 20. Rd7+ Ke8 21. Nh3 Nc7 22. Rxc7+ Kd8 23. Rd7+ Ke8 24. Rb7+ Kd8
25. Rd1# { Black checkmated } 1-0

[Event "ICC tourney 2552 (3 2)"]
[Site "Internet Chess Club"]
[Date "2021.05.07"]
[Round "5"]
[White "SKELCHER, OLIVER:K03-16721997"]
[Black "KUO, TRISTAN:K06-16624110"]
[Result "0-1"]
[ICCResult "White resigns"]
[WhiteElo "1400"]
[BlackElo "1400"]
[Opening "Sicilian defense"]
[ECO "B33"]
[NIC "SI.34"]
[Time "19:46:33"]
[PlyCount "22"]
[TimeControl "180+2"]

1. e4 c5 2. Nf3 Nc6 3. d4 cxd4 4. Nxd4 Nf6 5. Nc3 g6 6. Bg5 Bg7 7. Bxf6
Bxf6 8. Nxc6 bxc6 9. Bc4 Qb6 10. O-O Qxb2 11. Na4 Qxa1 { White resigns }
0-1

[Event "ICC tourney 2552 (3 2)"]
[Site "Internet Chess Club"]
[Date "2021.05.07"]
[Round "5"]
[White "PARHAR, OJAS:K03-16452028"]
[Black "PRABU, VEDANTH:K06-15651522"]
[Result "0-1"]
[ICCResult "White checkmated"]
[WhiteElo "1400"]
[BlackElo "1400"]
[Opening "Four knights: Italian variation"]
[ECO "C47"]
[NIC "KP.06"]
[Time "19:45:42"]
[PlyCount "66"]
[TimeControl "180+2"]

1. e4 e5 2. Nf3 Nc6 3. Nc3 Nf6 4. Bc4 Be7 5. O-O O-O 6. d4 exd4 7. Nxd4
Nxd4 8. Qxd4 d6 9. e5 dxe5 10. Qxe5 Re8 11. Qg3 Bd6 12. Bh6 Bxg3 13. hxg3
gxh6 14. Rad1 Bd7 15. Nd5 Nxd5 16. Bxd5 Qg5 17. Bxb7 Rad8 18. Bf3 Bb5 19.
Rfe1 Rxe1+ 20. Rxe1 Qd2 21. Rf1 Bxf1 22. Kxf1 Qxc2 23. Kg1 Qxb2 24. Kh2
Qxa2 25. Kh3 Qxf2 26. Kh2 Rd2 27. Kh3 Rd4 28. Kh2 a5 29. Kh3 a4 30. Kh2 a3
31. Kh3 a2 32. Kh2 a1=Q 33. Kh3 Qh1# { White checkmated } 0-1

[Event "ICC tourney 2552 (3 2)"]
[Site "Internet Chess Club"]
[Date "2021.05.07"]
[Round "5"]
[White "RAO, ARJUN:K01-30140896"]
[Black "PALANIAPPAN, ABHINAV:K05-16592332"]
[Result "1-0"]
[ICCResult "Black checkmated"]
[WhiteElo "1400"]
[BlackElo "1400"]
[Opening "Sicilian: Smith-Morra gambit"]
[ECO "B21"]
[NIC "SI.48"]
[Time "19:45:26"]
[PlyCount "45"]
[TimeControl "180+2"]

1. e4 c5 2. d4 cxd4 3. Qxd4 Nc6 4. Qe3 Nf6 5. Bc4 d5 6. exd5 Nxd5 7. Qd2
Be6 8. Ne2 g6 9. b3 Bg7 10. Nbc3 Bxc3 11. Nxc3 Nxc3 12. Qxc3 O-O 13. Bb2 f6
14. O-O Bxc4 15. bxc4 Qe8 16. c5 Rd8 17. Rfe1 Rd7 18. Rac1 Qf7 19. g4 Qxa2
20. g5 Qf7 21. Rcd1 Rxd1 22. Rxd1 fxg5 23. Qh8# { Black checkmated } 1-0

[Event "ICC tourney 2552 (3 2)"]
[Site "Internet Chess Club"]
[Date "2021.05.07"]
[Round "5"]
[White "MCPHETERS, DYLAN:K06-30151662"]
[Black "NULU, AVANEESH:K03-17121270"]
[Result "0-1"]
[ICCResult "White resigns"]
[WhiteElo "1400"]
[BlackElo "1400"]
[Opening "Giuoco Piano"]
[ECO "C50"]
[NIC "IG.02"]
[Time "19:46:50"]
[PlyCount "38"]
[TimeControl "180+2"]

1. e4 e5 2. Nf3 Nc6 3. Bc4 Bc5 4. O-O d6 5. d3 Nf6 6. Nc3 O-O 7. Nd5 Nxd5
8. exd5 Ne7 9. Ng5 h6 10. Ne4 Bb6 11. Be3 c6 12. dxc6 Nxc6 13. Bxb6 Qxb6
14. Nxd6 Qxb2 15. Qf3 Be6 16. Bxe6 fxe6 17. Qe2 Nd4 18. Qe3 Nxc2 19. Qxe5
Qxe5 { White resigns } 0-1

[Event "ICC tourney 2552 (3 2)"]
[Site "Internet Chess Club"]
[Date "2021.05.07"]
[Round "5"]
[White "HU, ETHAN:K01-30094787"]
[Black "BANG, ADITYA:K05-16841804"]
[Result "0-1"]
[ICCResult "White resigns"]
[WhiteElo "1400"]
[BlackElo "1400"]
[Opening "Pirc: classical (two knights) system"]
[ECO "B08"]
[NIC "PU.10"]
[Time "19:46:33"]
[PlyCount "30"]
[TimeControl "180+2"]

1. e4 d6 2. Nf3 Nf6 3. Nc3 g6 4. d4 Bg7 5. Bc4 O-O 6. Bf4 Nc6 7. O-O Nd7 8.
Qd2 Re8 9. Bh6 Bh8 10. Rfe1 e5 11. d5 Ne7 12. Rad1 f5 13. exf5 gxf5 14.
Qg5+ Kf7 15. Qxf5+ Nxf5 { White resigns } 0-1

[Event "ICC tourney 2552 (3 2)"]
[Site "Internet Chess Club"]
[Date "2021.05.07"]
[Round "5"]
[White "KAUR, JIND:K05-15724996"]
[Black "KEEL, MYLAN:K05-17256996"]
[Result "1-0"]
[ICCResult "Black checkmated"]
[WhiteElo "1400"]
[BlackElo "968"]
[Opening "Philidor's defense"]
[ECO "C41"]
[NIC "KP.08"]
[Time "19:46:13"]
[PlyCount "35"]
[TimeControl "180+2"]

1. e4 e5 2. Nf3 d6 3. d4 Nc6 4. Bb5 Bd7 5. dxe5 dxe5 6. Bxc6 Bxc6 7. Nxe5
Bc5 8. Qf3 Nh6 9. Bxh6 Rf8 10. Bxg7 Qe7 11. Bxf8 Qxf8 12. O-O Bb5 13. Re1
Bd6 14. Ng4 h5 15. Nf6+ Ke7 16. Nc3 Ba6 17. Ncd5+ Ke6 18. Qf5# { Black
checkmated } 1-0

[Event "ICC tourney 2552 (3 2)"]
[Site "Internet Chess Club"]
[Date "2021.05.07"]
[Round "5"]
[White "SOMARAM, AKANKSHA:K05-17045572"]
[Black "WATANABE NUNEZ, RYUTA:K03-17015848"]
[Result "0-1"]
[ICCResult "White checkmated"]
[WhiteElo "1400"]
[BlackElo "1400"]
[Opening "Four knights: Italian variation"]
[ECO "C47"]
[NIC "KP.06"]
[Time "19:46:00"]
[PlyCount "46"]
[TimeControl "180+2"]

1. e4 e5 2. Nf3 Nc6 3. Nc3 Nf6 4. Bc4 Nxe4 5. Nxe4 d5 6. Bd3 f5 7. Ng3 e4
8. Be2 exf3 9. Bxf3 Be7 10. Qe2 O-O 11. O-O g6 12. c3 f4 13. Ne4 dxe4 14.
Qxe4 Bf5 15. Qxf4 Bd3 16. Re1 Rxf4 17. Bd5+ Qxd5 18. b3 Raf8 19. c4 Qd4 20.
Ba3 Qxf2+ 21. Kh1 Qf1+ 22. Rxf1 Rxf1+ 23. Rxf1 Rxf1# { White checkmated }
0-1

[Event "ICC tourney 2552 (3 2)"]
[Site "Internet Chess Club"]
[Date "2021.05.07"]
[Round "5"]
[White "LIU, HEMING:K03-17283651"]
[Black "RAGHAV JEGAN, ASHWIN:K05-16548454"]
[Result "1-0"]
[ICCResult "Black checkmated"]
[WhiteElo "1400"]
[BlackElo "1400"]
[Opening "Scotch game"]
[ECO "C45"]
[NIC "SO.04"]
[Time "19:46:13"]
[PlyCount "83"]
[TimeControl "180+2"]

1. e4 e5 2. Nf3 Nc6 3. d4 exd4 4. Nxd4 Nxd4 5. Qxd4 Nf6 6. Bg5 Be7 7. Nc3
O-O 8. Bd3 h6 9. Bh4 d6 10. O-O Bd7 11. Rfe1 a6 12. e5 dxe5 13. Qxe5 c6 14.
Qxe7 Qxe7 15. Rxe7 Rfe8 16. Bxf6 gxf6 17. Rxd7 Re6 18. Rxb7 Rae8 19. h3
Re1+ 20. Rxe1 Rxe1+ 21. Kh2 Re6 22. Bxa6 c5 23. Bc4 Re5 24. Rxf7 Rf5 25.
Rxf6+ Kg7 26. Rxf5 Kg6 27. Rxc5 h5 28. a4 Kf6 29. a5 Ke7 30. a6 Kd6 31. a7
Kxc5 32. a8=Q Kxc4 33. Qa4+ Kc5 34. b4+ Kc4 35. Ne2 Kd5 36. b5 Kc5 37. Nc3
Kb6 38. Qa6+ Kc5 39. b6 Kc6 40. b7+ Kc7 41. Nb5+ Kb8 42. Qa7# { Black
checkmated } 1-0

[Event "ICC tourney 2552 (3 2)"]
[Site "Internet Chess Club"]
[Date "2021.05.07"]
[Round "5"]
[White "KHADEMZADEH, AIDEN:K03-17087747"]
[Black "CHAN, ARTHUR:K05-30015869"]
[Result "1-0"]
[ICCResult "Black checkmated"]
[WhiteElo "1400"]
[BlackElo "1400"]
[Opening "Two knights defense"]
[ECO "C57"]
[NIC "KP.01"]
[Time "19:46:06"]
[PlyCount "57"]
[TimeControl "180+2"]

1. e4 e5 2. Nf3 Nc6 3. Bc4 Nf6 4. Ng5 Be7 5. Nxf7 Rf8 6. Nxd8 Kxd8 7. Nc3
Nd4 8. d3 b6 9. Be3 c5 10. Bb3 d6 11. Ne2 Nxe2 12. Qxe2 h5 13. a3 g6 14.
Bc4 Bd7 15. b4 cxb4 16. axb4 b5 17. Bb3 Bg4 18. f3 Bd7 19. Bxa7 Kc7 20. c4
bxc4 21. dxc4 Kb7 22. c5 Rxa7 23. Rxa7+ Kxa7 24. O-O dxc5 25. Ra1+ Kb7 26.
Qa6+ Kc7 27. Qa7+ Kd6 28. Ra6+ Bc6 29. bxc5# { Black checkmated } 1-0

[Event "ICC tourney 2552 (3 2)"]
[Site "Internet Chess Club"]
[Date "2021.05.07"]
[Round "5"]
[White "SINGHAL, MEENAKSHI:K05-16551160"]
[Black "CHETLAPALLI, VISHNU:K01-30144870"]
[Result "0-1"]
[ICCResult "White checkmated"]
[WhiteElo "1400"]
[BlackElo "1400"]
[Opening "Three knights game"]
[ECO "C46"]
[NIC "KP.06"]
[Time "19:46:33"]
[PlyCount "38"]
[TimeControl "180+2"]

1. e4 e5 2. Nf3 Nc6 3. Nc3 b6 4. Bc4 Bc5 5. O-O Nf6 6. d3 d6 7. h3 h6 8.
Nh4 Nxe4 9. Nxe4 Qxh4 10. Qf3 Rf8 11. Ng3 Bb7 12. Bd5 Nd4 13. Qh5 Qxh5 14.
Nxh5 Bxd5 15. Nxg7+ Kd8 16. Bxh6 Ne2+ 17. Kh1 Rh8 18. Bg5+ Kc8 19. Rfe1
Rxh3# { White checkmated } 0-1

[Event "ICC tourney 2552 (3 2)"]
[Site "Internet Chess Club"]
[Date "2021.05.07"]
[Round "5"]
[White "PENG, LIONEL:K03-17121368"]
[Black "JACK GREENE, WILLILAM:K05-30165343"]
[Result "1/2-1/2"]
[ICCResult "Black stalemated"]
[WhiteElo "1400"]
[BlackElo "1400"]
[Opening "Caro-Kann: exchange variation"]
[ECO "B13"]
[NIC "CK.02"]
[Time "19:45:49"]
[PlyCount "99"]
[TimeControl "180+2"]

1. e4 c6 2. d4 d5 3. exd5 cxd5 4. Nc3 Nf6 5. Bg5 h6 6. Bh4 g5 7. Bg3 Ne4 8.
Nxe4 dxe4 9. Bc4 Rh7 10. f3 exf3 11. Nxf3 g4 12. Bd3 Rg7 13. Be5 f6 14.
Bb5+ Bd7 15. Bxd7+ Nxd7 16. Bg3 gxf3 17. Qxf3 Nb6 18. Qh5+ Rf7 19. O-O
Qxd4+ 20. Kh1 Qxb2 21. Rae1 Qxc2 22. Bd6 Rd8 23. Rxf6 Rxd6 24. Qxf7+ Kd7
25. Rxd6+ Kc7 26. Rdd1 Nc4 27. Qxc4+ Qxc4 28. Rc1 Qc6 29. Rxc6+ bxc6 30.
Kg1 Bg7 31. Rxe7+ Kd6 32. Rxg7 c5 33. Rg6+ Kd5 34. Rxh6 c4 35. Kf1 c3 36.
Rh8 c2 37. Rc8 Kd4 38. Rxc2 Kd3 39. h4 Kxc2 40. h5 a5 41. h6 a4 42. h7 Kb2
43. h8=Q+ Kxa2 44. Qg8+ Kb2 45. Qb8+ Ka3 46. g4 Ka2 47. g5 Ka3 48. g6 Ka2
49. g7 Ka3 50. g8=Q { Black stalemated } 1/2-1/2

[Event "ICC tourney 2552 (3 2)"]
[Site "Internet Chess Club"]
[Date "2021.05.07"]
[Round "5"]
[White "ZISHUN CHEN, ALAN:K03-17350156"]
[Black "DEVARAJ, SIRI:K05-16369654"]
[Result "0-1"]
[ICCResult "White checkmated"]
[WhiteElo "1517"]
[BlackElo "1400"]
[Opening "Giuoco Piano"]
[ECO "C50"]
[NIC "IG.02"]
[Time "19:46:33"]
[PlyCount "54"]
[TimeControl "180+2"]

1. e4 e5 2. Nf3 Nc6 3. Bc4 Bc5 4. Nc3 d6 5. d3 h6 6. O-O Bg4 7. Be3 Nd4 8.
Bxd4 Bxd4 9. h3 Bxf3 10. Qxf3 Nf6 11. Nd5 Nxd5 12. Bxd5 O-O 13. Bxb7 Rb8
14. Bd5 Rxb2 15. Rab1 Rxc2 16. Rb7 a5 17. Rfb1 Qg5 18. Rb8 Rc1+ 19. Kh2
Rxb8 20. Rxb8+ Kh7 21. Qxf7 Qf4+ 22. Qxf4 exf4 23. Bg8+ Kg6 24. Be6 Bxf2
25. Bf5+ Kf6 26. Rf8+ Ke7 27. Rg8 Bg3# { White checkmated } 0-1

[Event "ICC tourney 2552 (3 2)"]
[Site "Internet Chess Club"]
[Date "2021.05.07"]
[Round "5"]
[White "TURAEV, MALIK:K03-30017655"]
[Black "ZHANG, RYAN:K06-16485982"]
[Result "1-0"]
[ICCResult "Black forfeits on time"]
[WhiteElo "1400"]
[BlackElo "1400"]
[Opening "Queen's pawn: Chigorin variation"]
[ECO "D00"]
[NIC "QP.08"]
[Time "19:45:27"]
[PlyCount "33"]
[TimeControl "180+2"]

1. d4 d5 2. Nc3 Nf6 3. Bf4 Nc6 4. Nb5 e5 5. dxe5 Nxe5 6. Bxe5 Bc5 7. Nxc7+
Kf8 8. Nxa8 Ng4 9. Bg3 Qf6 10. e3 Qxb2 11. Nc7 Bb4+ 12. Ke2 Bf5 13. Nxd5
Bxc2 14. Qc1 Ba3 15. Bd6+ Bxd6 16. Qxb2 Bg6 17. Qc3 { Black forfeits on
time } 1-0

[Event "ICC tourney 2552 (3 2)"]
[Site "Internet Chess Club"]
[Date "2021.05.07"]
[Round "5"]
[White "WANG, WEIHAN:K01-17104962"]
[Black "CHEN, SHUANG:K03-30071645"]
[Result "0-1"]
[ICCResult "White forfeits on time"]
[WhiteElo "1400"]
[BlackElo "1400"]
[Opening "Scandinavian (center counter) defense"]
[ECO "B01"]
[NIC "VO.17"]
[Time "19:46:00"]
[PlyCount "30"]
[TimeControl "180+2"]

1. e4 d5 2. Nc3 dxe4 3. Nxe4 Nf6 4. Nc3 Nc6 5. Nf3 Bg4 6. h3 Bh5 7. g4 Bg6
8. b3 e5 9. g5 Ne4 10. Rg1 Nxc3 11. dxc3 Qxd1+ 12. Kxd1 O-O-O+ 13. Nd2 Bh5+
14. Be2 Bxe2+ 15. Kxe2 Bc5 { White forfeits on time } 0-1

[Event "ICC tourney 2552 (3 2)"]
[Site "Internet Chess Club"]
[Date "2021.05.07"]
[Round "5"]
[White "LOVELADY, CARTER:K06-16846308"]
[Black "MISRA, RISHAAN:K03-30153929"]
[Result "1-0"]
[ICCResult "Black checkmated"]
[WhiteElo "1243"]
[BlackElo "1400"]
[Opening "Gunderam defense"]
[ECO "C40"]
[NIC "KP.10"]
[Time "19:45:40"]
[PlyCount "67"]
[TimeControl "180+2"]

1. e4 e5 2. Nf3 Qe7 3. Bc4 c6 4. Nc3 Qc5 5. Bb3 Bd6 6. d3 Bc7 7. Be3 Qe7 8.
Qe2 d5 9. exd5 cxd5 10. Nxd5 Qd8 11. Nxc7+ Qxc7 12. Ba4+ Bd7 13. Bxd7+ Kxd7
14. Bd2 Qd8 15. Nxe5+ Ke6 16. Nc6+ Kd7 17. Nxd8 Kxd8 18. Bc3 h6 19. O-O-O
Nf6 20. Bxf6+ gxf6 21. Qf3 f5 22. Qxb7 Nc6 23. Qxa8+ Ke7 24. Qxh8 f4 25.
Qxh6 f3 26. Qe3+ Kf6 27. Qxf3+ Ke7 28. Qxc6 Kf8 29. Qc5+ Kg7 30. Qxa7 Kh6
31. Qxf7 Kg5 32. f4+ Kh4 33. Qg7 Kh5 34. Qg5# { Black checkmated } 1-0

[Event "ICC tourney 2552 (3 2)"]
[Site "Internet Chess Club"]
[Date "2021.05.07"]
[Round "5"]
[White "GRESHAM, JOB:K05-16440438"]
[Black "WU, DARREN:K01-30136086"]
[Result "0-1"]
[ICCResult "White checkmated"]
[WhiteElo "1400"]
[BlackElo "1400"]
[Opening "Scotch: Schmidt variation"]
[ECO "C45"]
[NIC "SO.04"]
[Time "19:45:45"]
[PlyCount "94"]
[TimeControl "180+2"]

1. e4 e5 2. Nf3 Nc6 3. d4 exd4 4. Nxd4 Nf6 5. Nxc6 bxc6 6. Nc3 Bb4 7. Bd3
d5 8. O-O dxe4 9. Nxe4 Nxe4 10. Bxe4 Bd7 11. Re1 Bxe1 12. Qxe1 O-O 13. Bf4
Re8 14. f3 Bf5 15. Qb4 Bxe4 16. fxe4 Rb8 17. Qc3 Rxe4 18. Rf1 Qd4+ 19. Qxd4
Rxd4 20. Bxc7 Rxb2 21. Re1 h6 22. Be5 Rxc2 23. Bxd4 Rxa2 24. Rc1 Rd2 25.
Bxa7 Rd6 26. Bf2 Rd7 27. Rxc6 Rd1+ 28. Be1 Rxe1+ 29. Kf2 Re6 30. Rxe6 fxe6
31. Kf3 Kf7 32. Kf4 Kf6 33. g4 g5+ 34. Kf3 Ke5 35. Ke3 Kd5 36. Kf3 Kd4 37.
h3 e5 38. Kg3 e4 39. Kf2 Kd3 40. Ke1 e3 41. Kf1 Kd2 42. Kg2 e2 43. h4 e1=Q
44. hxg5 hxg5 45. Kh3 Ke2 46. Kh2 Kf3 47. Kh3 Qg3# { White checkmated } 0-1

[Event "ICC tourney 2552 (3 2)"]
[Site "Internet Chess Club"]
[Date "2021.05.07"]
[Round "5"]
[White "WOO, HENRY:K01-30165260"]
[Black "SWARNKAR, ARYAV:K05-30165275"]
[Result "1-0"]
[ICCResult "Black forfeits on time"]
[WhiteElo "1400"]
[BlackElo "1400"]
[Opening "Ruy Lopez (Spanish opening)"]
[ECO "C68"]
[NIC "RL.01"]
[Time "19:46:13"]
[PlyCount "39"]
[TimeControl "180+2"]

1. e4 e5 2. Nf3 Nc6 3. Bb5 a6 4. Bc4 b5 5. Bf1 Nf6 6. h3 d5 7. g4 dxe4 8.
Nxe5 Nxe5 9. g5 Nd5 10. Be2 Nf4 11. Bh5 Nxh5 12. h4 Nf4 13. h5 Bd6 14. g6
hxg6 15. Rg1 gxh5 16. Rxg7 Ne6 17. Rg3 Nc6 18. Rc3 Qf6 19. Rxc6 Nd4 20. Rc3
{ Black forfeits on time } 1-0